 Dungeon Crawl Stone Soup version 0.22-a0-469-gf26638a (webtiles) character file.

36 namelastname112 the Chucker (level 3, -5/27 HPs)
             Began as a Vampire Hunter on June 14, 2018.
             Slain by an orc priest
             ... wielding a +0 flail
              (10 damage)
             ... on level 3 of the Dungeon.
             The game lasted 00:02:08 (1142 turns).

namelastname112 the Chucker (Vampire Hunter)        Turns: 1142, Time: 00:02:09

Health: -5/27      AC:  4    Str: 11    XL:     3   Next: 19%
Magic:  3/3        EV: 10    Int: 13    God:
Gold:   41         SH:  0    Dex: 15    Spells: 2/2 levels left

rFire    . . .     SeeInvis +   a - +0 short sword
rCold    . . .     Gourm    .   (no shield)
rNeg     + . .     Faith    .   b - +0 leather armour
rPois    .         Spirit   .   i - +1 hat
rElec    .         Reflect  .   (no cloak)
rCorr    .         Harm     .   (no gloves)
MR       .....                  (no boots)
Stlth    ++........             (no amulet)
HPRegen  0.09/turn              p - -2 ring of evasion (curse)
MPRegen  0.08/turn              (no ring)

@: no status effects
A: fangs 3, see invisible, unbreathing
a: Bat Form


You were on level 3 of the Dungeon.
You were not thirsty.

You visited 1 branch of the dungeon, and saw 3 of its levels.

You collected 41 gold pieces.

Inventory:

Hand Weapons
 a - a +0 short sword (weapon)
Missiles
 c - 6 javelins (quivered)
 d - 2 throwing nets
Armour
 b - a +0 leather armour (worn)
 i - a +1 hat (worn)
Jewellery
 m - an uncursed amulet of faith {unknown}
 p - a cursed -2 ring of evasion (left hand)
Scrolls
 f - a scroll of blinking {unknown}
 g - 2 scrolls of identify {unknown}
 j - a scroll of amnesia {unknown}
Potions
 e - 3 potions of blood
 h - 2 potions of curing {unknown}
 k - a potion of mutation {unknown}
 l - 2 potions of flight {unknown}
 n - a potion of heal wounds {unknown}
 o - 2 potions of lignification {unknown}


   Skills:
 + Level 2.2 Fighting
 + Level 1.4 Short Blades
 - Level 3.3 Throwing
 + Level 2.7 Dodging
 + Level 2.7 Stealth


You had 2 spell levels left.
You didn't know any spells.
Your spell library was empty.

Dungeon Overview and Level Annotations

Branches:
Dungeon (3/15)

Altars:


Innate Abilities, Weirdness & Mutations

You have razor-sharp teeth.
You have supernaturally acute eyesight. (SInv)
You can survive without breathing.


Message History

The orc priest completely misses you.
You hit the orc priest but do no damage.
The orc closely misses you.
You closely miss the orc priest. The orc priest hits you with a flail.
The orc hits you but does no damage.
You take 3 damage, and have 13/27 hp.
You hit the orc priest.
You bite the orc priest, but do no damage.
The orc priest is lightly wounded.
The orc priest barely misses you.
You hit the orc priest but do no damage.
Your bite misses the orc priest. The orc closely misses you.
The orc priest hits you with a flail.
You take 3 damage, and have 11/27 hp.
You hit the orc priest.
The orc priest is moderately wounded.
The orc hits you with a mace.
* * * LOW HITPOINT WARNING * * *
The orc priest hits you with a flail!
You die...

#.. #.#
#.#
#.#####
#o....#
#o###.###
#.#.....
#.#.#o#
#...o@#
#.#(###
#.#.#
#....
######


You could see an orc priest and an orc.

Vanquished Creatures
  2 orcs
  A giant cockroach (D:1)
  4 goblins
  6 hobgoblins
  3 jackals (D:1)
  A ball python (D:2)
  2 bats
  6 frilled lizards
  4 kobolds
  4 rats
33 creatures vanquished.

Notes
Turn   | Place    | Note
-------+----------+-------------------------------------------
     0 | D:1      | namelastname112 the Vampire Hunter began the quest for the Orb.
     0 | D:1      | Reached XP level 1. HP: 16/16 MP: 1/1
   221 | D:1      | Reached XP level 2. HP: 22/22 MP: 2/2
   273 | D:1      | Reached skill level 1 in Short Blades
   654 | D:2      | Reached XP level 3. HP: 18/27 MP: 3/3
   863 | D:2      | sipior: !subscribe
   863 | D:2      | beem: Subscribed. I will now watch all games of user sipior
  1142 | D:3      | Slain by an orc priest

Vault maps used:
D:1:      grunt_arrival_crossed_arrows
D:2:      minmay_domino_4
D:3:      first_ration

Skill      XL: |  1  2 |
---------------+-------+-----
Stealth        | 2 |  2.7
Fighting       | 2 |  2.2
Short Blades   | 1 |  1.4
Throwing       | |  3.3
Dodging        | |  2.7

Action                   || total
-------------------------++-------
Melee: Short sword       ||   132
       Bite              ||    10
 Stab: Sleeping          ||     2
  Eat: Corpse            ||     1
Armor: Leather armour    ||    29
Dodge: Dodged            ||   112

Table legend:
 A = Spawn XP
 B = Non-spawn XP
 C = Spawn XP percentage of total XP
 D = Spawn monster count
 E = Non-spawn monster count
 F = Spawn count percentage of total count
 G = Total turns spent on level
                    A         B        C        D         E        F      G
               +---------+---------+-------+---------+---------+-------+---------
         Total |       0 |      52 |   0.0 |       0 |      33 |   0.0 |  1142
               +---------+---------+-------+---------+---------+-------+---------
           D:1 |       0 |      25 |   0.0 |       0 |      16 |   0.0 |   468
           D:2 |       0 |      23 |   0.0 |       0 |      15 |   0.0 |   637
           D:3 |       0 |       4 |   0.0 |       0 |       2 |   0.0 |    37
               +---------+---------+-------+---------+---------+-------+---------
